 Dungeon Crawl Stone Soup version 0.20.1-1-g8b1a95d (console) character file.

109 bli the Skirmisher (level 5, -2/43 HPs)
             Began as a Formicid Abyssal Knight on July 30, 2017.
             Was a Believer of Lugonu.
             Killed by nerve-wracking pain
             ... invoked by an orc priest
              (5 damage)
             ... on level 3 of the Dungeon.
             The game lasted 00:07:48 (2681 turns).

bli the Skirmisher (Formicid Abyssal Knight)        Turns: 2681, Time: 00:07:49

Health: -2/43      AC:  4    Str: 16    XL:     5   Next: 13%
Magic:  6/6        EV: 11    Int: 12    God:    Lugonu [**....]
Gold:   116        SH:  0    Dex: 11    Spells: 4/4 levels left

rFire    . . .     SeeInvis +   a - +1 hand axe
rCold    . . .     Gourm    .   (no shield)
rNeg     . . .     Faith    .   b - +0 leather armour
rPois    .         Spirit   .   (helmet unavailable)
rElec    .         Reflect  .   (no cloak)
rCorr    .         Harm     .   t - +0 pair of gloves
MR       .....                  (no boots)
Stlth    +.........             (no amulet)
Regen    0.2/turn               (no ring)
MPRegen  0.1/turn               (no ring)

@: no status effects
A: permanent stasis, dig shafts and tunnels, four strong arms, antennae 3
a: Dig, Shaft Self, Depart the Abyss, Bend Space, Renounce Religion


You were on level 3 of the Dungeon.
You worshipped Lugonu.
Lugonu was pleased with you.
You were not hungry.

You visited 1 branch of the dungeon, and saw 3 of its levels.
You visited the Abyss 1 time.

You collected 116 gold pieces.

Inventory:

Hand Weapons
 a - a +1 hand axe (weapon)
 q - a +1 dagger of electrocution
Missiles
 g - 81 stones (quivered)
Armour
 b - a +0 leather armour (worn)
 n - a +0 ring mail
 t - a +0 pair of gloves (worn)
Wands
 e - a wand of lightning (5/15)
 s - a wand of confusion (26/48)
Scrolls
 k - a scroll of enchant armour {unknown}
 l - 3 scrolls of immolation {unknown}
 r - 2 scrolls of random uselessness {unknown}
 u - a scroll of identify {unknown}
Potions
 d - 3 potions of curing {unknown}
 i - a potion of haste {unknown}
 j - a potion of ambrosia {unknown}
 m - a potion of might {unknown}
Comestibles
 c - a bread ration
 f - a meat ration
 h - 2 fruits
 o - a royal jelly
 p - 4 chunks of flesh


   Skills:
 * Level 4.4 Fighting
 * Level 3.2 Axes
 * Level 2.9 Armour
 + Level 1.4 Dodging
 + Level 2.2 Invocations


You had 4 spell levels left.
You didn't know any spells.

Dungeon Overview and Level Annotations

Branches:
Dungeon (3/15)

Altars:
Fedhas


Innate Abilities, Weirdness & Mutations

You cannot be hasted, slowed, berserked, paralysed or teleported.
You can dig through walls and to a lower floor.
Your four strong arms can wield two-handed weapons with a shield.
You have a pair of large antennae on your head. (SInv)


Message History

* * * LOW HITPOINT WARNING * * *
The orc closely misses you.
You hit the orc but do no damage. You closely miss the orc priest.
The orc priest hits you with a dagger.
* * * LOW HITPOINT WARNING * * *
The orc barely misses you. The orc priest hits you with a dagger.
* * * LOW HITPOINT WARNING * * *
You hit the orc priest but do no damage.
The orc priest is severely wounded.
You hit the orc. The orc hits you with a club.
* * * LOW HITPOINT WARNING * * *
The orc priest hits you but does no damage.
You hit the orc priest.
The orc priest is almost dead.
You hit the orc.
You kill the orc!
Lugonu accepts your kill. The bat hits you but does no damage.
The orc priest calls down the wrath of Beogh upon you.
Pain shoots through your body!
You die...

. .. # ... ########### ....
..........# { {....
8...#####.##############...###
_8..............o)b...........
8...####........@######.......
.....# #.........# .o.....
.....# #.......(.# { {......
.....###..#.###### $......
##..##....#.# .......
##.##.#.##.# .......
#.##.#..#.# .......
#..#.#..#.# ##.#.#..#.#
#...#..#.# ##..#..#.#


You could see an orc priest and a bat.

Vanquished Creatures
  3 adders
  An ooze (D:1)
  2 worms (D:2)
  2 dart slugs (D:1)
  3 leopard geckos
  3 orcs (D:3)
  13 bats
  2 giant cockroaches
  8 goblins
  3 hobgoblins (D:2)
  4 jackals (D:1)
  A quokka (D:2)
  A ball python (D:1)
  2 frilled lizards
  7 kobolds
  7 rats
62 creatures vanquished.

Notes
Turn   | Place    | Note
-------+----------+-------------------------------------------
     0 | Abyss:1  | bli the Formicid Abyssal Knight began the quest for the Orb.
     0 | Abyss:1  | Reached XP level 1. HP: 18/18 MP: 2/2
    47 | Abyss:2  | Found a corrupted altar of Lugonu.
    71 | Abyss:2  | Noticed a starcursed mass
    74 | D:1      | Escaped the Abyss
   243 | D:1      | Reached * piety under Lugonu
   243 | D:1      | Reached skill level 1 in Dodging
   243 | D:1      | Reached XP level 2. HP: 18/24 MP: 3/3
   423 | D:1      | Reached XP level 3. HP: 26/30 MP: 4/4
   434 | D:1      | Reached skill level 4 in Fighting
   981 | D:2      | Found a blossoming altar of Fedhas.
  1155 | D:2      | Reached XP level 4. HP: 37/37 MP: 5/5
  1163 | D:2      | Reached ** piety under Lugonu
  2509 | D:3      | Found a faded altar of an unknown god.
  2544 | D:3      | Reached XP level 5. HP: 37/43 MP: 6/6
  2681 | D:3      | Killed from afar by an orc priest

Skill      XL: |  1  2  3  4 |
---------------+-------------+-----
Dodging        | 1 |  1.4
Fighting       | 4 |  4.4
Axes           | 3 |  3.2
Armour         | |  2.9
Invocations    | |  2.2

Action                   |  1- 3 |  4- 6 || total
-------------------------+-------+-------++-------
Melee: Hand axe          |   115 |   108 ||   223
Invok: Depart the Abyss  |     1 |       ||     1
 Abil: Dig               |     3 |     1 ||     4
 Stab: Sleeping          |     1 |       ||     1
  Eat: Chunk             |     1 |     5 ||     6
Armor: Leather armour    |    49 |    20 ||    69
Dodge: Dodged            |    71 |    44 ||   115
